 Dungeon Crawl Stone Soup version 0.29-a0-111-gbaf749a769 (webtiles) character file.

Game seed: 16412446956408092417

84 siradein the Skirmisher (level 4, 0/41 HPs)
             Began as a Minotaur Fighter on Feb 18, 2022.
             Slain by Sigmund (9 damage)
             ... on level 3 of the Dungeon.
             The game lasted 00:05:27 (1998 turns).

siradein the Skirmisher (Minotaur Fighter)          Turns: 1998, Time: 00:05:27

Health: 0/41       AC:  6    Str: 21    XL:     4   Next: 23%
Magic:  3/3        EV: 10    Int:  5    God:
Gold:   151        SH:  5    Dex: 13    Spells: 3/3 levels left

rFire   . . .      SeeInvis .   a - +0 long sword
rCold   + . .      Faith    .   c - +0 buckler
rNeg    . . .      Spirit   .   s - +1 ring mail {rC+}
rPois   .          Reflect  .   (helmet restricted)
rElec   .          Harm     .   (no cloak)
rCorr   .          Rampage  .   (no gloves)
Will    .....                   (no boots)
Stlth   ++........              (no amulet)
HPRegen 0.13/turn               (no ring)
MPRegen 0.08/turn               (no ring)

@: unable to read
A: horns 2, retaliatory headbutt, thin skeletal structure 1, sense surroundings
1, inability to read while threatened
a: no special abilities


You were on level 3 of the Dungeon.
You visited 1 branch of the dungeon, and saw 3 of its levels.

You collected 151 gold pieces.

Inventory:

Hand Weapons
 a - a +0 long sword (weapon)
Missiles
 k - 36 sling bullets
 l - 91 stones (quivered)
Armour
 c - a +0 buckler (worn)
 s - a +1 ring mail of cold resistance (worn)
Scrolls
 b - a scroll of amnesia
 e - 2 scrolls of identify
 g - 2 scrolls of fog
 j - 2 scrolls of teleportation
 o - a scroll of enchant weapon
 r - a scroll of blinking
Potions
 d - 2 potions of might
 m - a potion of curing {unknown}
 n - a potion of cancellation
 p - a potion of flight {unknown}


   Skills:
 + Level 4.3 Fighting
 + Level 3.2 Long Blades
 + Level 4.2 Armour
 + Level 1.3 Dodging
 + Level 4.3 Shields


You had 3 spell levels left.
You didn't know any spells.
Your spell library contained the following spells:

 Spells                   Type           Power      Damage    Failure   Level
 Portal Projectile        Hex/Tloc       0%         N/A       98%         3
 Blade Hands              Tmut           0%         N/A       100%        5
 Excruciating Wounds      Necr           0%         N/A       100%        5


Dungeon Overview and Level Annotations

Branches:
Dungeon (3/15)

Altars:
Elyvilon

Annotations:
D:3 Sigmund


Innate Abilities, Weirdness & Mutations

You have a pair of horns on your head.
You reflexively headbutt those who attack you in melee.
You have a somewhat thin skeletal structure. (Dex +2, Stealth+)
You passively map a small area around you.
You sometimes lose the ability to read scrolls when taking damage.


Message History

Press: ? - help, Q - select action, (/) - cycle Shift-Dir - straight line, f/p - Sigmund
Aim: Sigmund, wielding a +0 scythe of protection and wearing a +2 robe of willpower (55% to hit)
You throw a poisoned dart. The poisoned dart hits Sigmund.
Unknown command.
Throw: throwing net
Press: ? - help, Q - select action, (/) - cycle Shift-Dir - straight line, f/p - Sigmund
Aim: Sigmund, wielding a +0 scythe of protection and wearing a +2 robe of willpower (55% to hit)
You throw a throwing net. The throwing net hits Sigmund.
Sigmund is caught in the net!
Sigmund struggles against the net.
Sigmund struggles against the net.
You hit Sigmund but do no damage.
Sigmund struggles against the net.
Sigmund gestures wildly while chanting.
Sigmund flickers and vanishes!
Deactivating autopickup; reactivate with Ctrl-A.
Something wriggles in the net.
No target in view!
No target in view!
No target in view!
No target in view!
No target in view!
No target in view!
You hit something. You hit something but do no damage. You headbutt something.
Something wriggles in the net.
You hit something.
Something wriggles in the net.
All of a sudden the net rips apart!
You hear some strange, mumbled words.
Something tries to affect you, but you resist.
You barely miss something. You block something's attack.
You completely miss something. Your headbutt misses something.
Something hits you!
You completely miss something. Your headbutt misses something.
Something hits you!
You feel threatened and lose the ability to read scrolls!
You barely miss something. You closely miss something. Something hits you!
* * * LOW HITPOINT WARNING * * *
You hit something. Something hits you!
You die...

# # ########
#######......###########*
*
......'......'..........
,
.######......###@.......
, .# #......# #{.......,
.# #......# #........ .#
###.#### #........ .# *
***#.# #........ .#* ,
... , #..(....., .. ,
..... ########+ * .......
, , * ........#


There were no monsters in sight!

Vanquished Creatures
  5 adders (D:2)
  5 ball pythons
  4 bats
  4 endoplasms
  4 giant cockroaches
  5 goblins
  3 hobgoblins (D:2)
  3 kobolds
  A quokka (D:1)
34 creatures vanquished.

Notes
Turn   | Place    | Note
-------+----------+-------------------------------------------
     0 | D:1      | siradein the Minotaur Fighter began the quest for the Orb.
     0 | D:1      | Reached XP level 1. HP: 19/19 MP: 0/0
   268 | D:1      | Reached XP level 2. HP: 27/27 MP: 1/1
   916 | D:2      | Reached XP level 3. HP: 33/33 MP: 2/2
   977 | D:2      | Reached skill level 1 in Dodging
  1276 | D:2      | Reached XP level 4. HP: 16/40 MP: 3/3
  1469 | D:2      | Found a white marble altar of Elyvilon.
  1799 | D:2      | Gained mutation: You sometimes lose the ability to read
                  | scrolls when taking damage. [potion of mutation]
  1799 | D:2      | Gained mutation: You passively map a small area around you.
                  | [potion of mutation]
  1799 | D:2      | Gained mutation: You have a somewhat thin skeletal
                  | structure. (Dex +2, Stealth+) [potion of mutation]
  1981 | D:3      | Noticed Sigmund
  1998 | D:3      | Slain by Sigmund

Illustrated notes

Levels and vault maps discovered:
D:1:      minmay_arrival_shoal_huts, layout_basic
D:2:      layout_loops_cross, basic_altar
D:3:      layout_basic, uniq_sigmund

Skill      XL: |  1  2  3 |
---------------+----------+-----
Fighting       | 4 |  4.3
Armour         | 4 |  4.2
Shields        | 4 |  4.3
Long Blades    | 3 |  3.2
Dodging        | 1 |  1.3

Action                   |  1- 3 |  4- 6 || total
-------------------------+-------+-------++-------
Melee: Long sword        |    65 |    25 ||    90
       Headbutt          |     9 |     1 ||    10
Throw: Dart              |       |     5 ||     5
       Throwing net      |       |     1 ||     1
  Use: Scroll            |       |     7 ||     7
       Potion            |       |     1 ||     1
Armor: Scale mail        |    20 |       ||    20
       Chain mail        |    11 |    10 ||    21
       Ring mail         |       |     4 ||     4
Dodge: Dodged            |    30 |     8 ||    38
Block: Buckler           |     9 |     5 ||    14

Table legend: (Time is in decaauts)
 A = Elapsed time spent in this place.
 B = Non-inter-level travel time spent in this place.
 C = Inter-level travel time spent in this place.
 D = Time resting spent in this place.
 E = Time spent auto-exploring this place.
 F = Levels seen in this place.
 G = Mean time per level.
                   A        B        C        D        E       F      G
               +--------+--------+--------+--------+--------+-----+--------+
         Total |   2028 |   1962 |     66 |      0 |   1600 |   3 |  676.0 |
       Dungeon |   2028 |   1962 |     66 |      0 |   1600 |   3 |  676.0 |
               +--------+--------+--------+--------+--------+-----+--------+

Top non-repeatable levels by time:
     D:2: 982 daAuts
     D:1: 877 daAuts
     D:3: 168 daAuts
